 Dungeon Crawl Stone Soup version 0.22-a0-542-gce4f928 (webtiles) character file.

47 Ekaitz the Caller (level 3, -7/15 HPs)
             Began as a Felid Summoner on June 25, 2018.
             Killed from afar by Sigmund (14 damage)
             ... with a puff of flame
             ... on level 2 of the Dungeon.
             The game lasted 00:05:31 (1759 turns).

Ekaitz the Caller (Felid Summoner)                  Turns: 1759, Time: 00:05:32

Health: -7/15      AC:  1    Str:  4    XL:     3   Next: 48%
Magic:  4/7        EV: 18    Int: 17    God:
Gold:   91         SH:  0    Dex: 16    Spells: 0/6 levels left
                                        Lives:  0   Deaths: 0

rFire    . . .     SeeInvis +   (weapon unavailable)
rCold    . . .     Gourm    .   (shield unavailable)
rNeg     . . .     Faith    .   (armour unavailable)
rPois    .         Spirit   .   (helmet unavailable)
rElec    .         Reflect  .   (cloak unavailable)
rCorr    .         Harm     .   (gloves unavailable)
MR       .....                  (boots unavailable)
Stlth    +++.......             (no amulet)
HPRegen  0.05/turn              (no ring)
MPRegen  0.10/turn              (no ring)

@: lethally poisoned (-7 -> -17), quick
A: very small, no armour, no weapons or thrown items, stealth, claws 1, fangs 3,
see invisible, carnivore, speed 1, shaggy fur 1, slow metabolism 1, sharp paws
a: no special abilities


You were on level 2 of the Dungeon.
You were completely stuffed.

You visited 1 branch of the dungeon, and saw 2 of its levels.

You collected 91 gold pieces.

Inventory:

Jewellery
 m - an uncursed ring of fire
Scrolls
 a - a scroll of enchant armour {unknown}
 d - a scroll of identify {unknown}
 e - a scroll of magic mapping {unknown}
 i - a scroll of enchant weapon {unknown}
 k - 2 scrolls of remove curse {unknown}
 l - a scroll of random uselessness {unknown}
 n - a scroll of teleportation {unknown}
Potions
 f - a potion of brilliance {unknown}
 g - a potion of flight {unknown}
 h - a potion of might {unknown}
 j - a potion of heal wounds {unknown}
Comestibles
 b - 5 rations


   Skills:
 * Level 1.2 Fighting
 + Level 2.7 Dodging
 + Level 3.3 Stealth
 + Level 0.6 Unarmed Combat
 + Level 2.4 Spellcasting
 + Level 4.4 Summonings


You couldn't memorise any spells.
You knew the following spells:

 Your Spells              Type           Power        Failure   Level  Hunger
a - Summon Small Mammal   Summ           ###.         3%          1    #......
b - Call Imp              Summ           ###.....     4%          2    ##.....
c - Call Canine Familiar  Summ           ###.....     9%          3    ###....

Your spell library contained the following spells:

 Spells                   Type           Power        Failure   Level  Hunger
 Summon Ice Beast         Ice/Summ       #.......     58%         4    #####..
 Summon Lightning Spire   Summ/Air       #.......     58%         4    #####..
 Summon Guardian Golem    Hex/Summ       #.......     22%         3    ###....


Dungeon Overview and Level Annotations

Branches:
Dungeon (2/15)

Altars:
Ashenzari

Annotations:
D:2 Sigmund


Innate Abilities, Weirdness & Mutations

You cannot wear armour.
You are incapable of wielding weapons or throwing items.
Your paws allow you to move quietly. (Stealth)
You have sharp claws.
You have razor-sharp teeth.
You have supernaturally acute eyesight. (SInv)
You are carnivorous and can eat meat at any time.
You cover ground quickly.
You are covered in fur. (AC +1)
You have a slow metabolism.
Your sharp claws are effective at attacking unaware monsters.


Message History

Magic restored.
Some of the chunks of flesh in your inventory have rotted away.
Sigmund the Dreaded comes into view.
He is wielding a scythe of venom.
Found a ration.
You start resting.
Some of the chunks of flesh in your inventory have rotted away.
All of the chunks of flesh in your inventory have rotted away.
HP restored.
Casting: Call Imp (safe; 4% risk of failure)
Confirm with . or Enter, or press ? or * to list all spells.
You swap places.
Found a ration.
Sigmund shouts!
Sigmund hits you with a scythe of venom!
You are lethally poisoned!
You feel sick. Sigmund gestures at you while chanting.
The puff of flame hits you!
Ouch! That really hurt!
You die...

#####.#### ### #.........
# ##.## #.#.###.#.
#.##...## #.#.# #.#.
#.#.%...## #...###...
#........## ###.....##
#..@h.....# ###.###
##.......# ##..# #
#....@...######...####
+.....#.%.#.............+
####..##.##.######...####
## ####.# ##..# #. ..#
##.###. #### #.....
##.#.. #.##. #.##.


You could see Sigmund and a friendly hound.

Vanquished Creatures
  An ooze (D:2)
  A leopard gecko (D:1)
  A giant cockroach (D:1)
  A hobgoblin (D:1)
  3 kobolds (D:1)
  A ball python (D:2)
  A bat (D:1)
  2 frilled lizards
  A rat (D:1)
12 creatures vanquished.

Vanquished Creatures (collateral kills)
  3 gnolls (D:2)
  An adder (D:2)
  2 worms
  2 goblins (D:1)
  4 hobgoblins
  2 kobolds (D:1)
  A frilled lizard (D:1)
15 creatures vanquished.

Grand Total: 27 creatures vanquished

Notes
Turn   | Place    | Note
-------+----------+-------------------------------------------
     0 | D:1      | Ekaitz the Felid Summoner began the quest for the Orb.
     0 | D:1      | Reached XP level 1. HP: 7/7 MP: 4/4
   604 | D:1      | Reached XP level 2. HP: 12/12 MP: 3/6
   718 | D:1      | Learned a level 2 spell: Call Imp
  1336 | D:2      | Reached XP level 3. HP: 13/15 MP: 3/7
  1379 | D:2      | Found a shattered altar of Ashenzari.
  1397 | D:2      | Learned a level 3 spell: Call Canine Familiar
  1444 | D:2      | Reached skill level 1 in Fighting
  1628 | D:2      | Noticed Sigmund
  1759 | D:2      | Killed from afar by Sigmund

Vault maps used:
D:1:      evilmike_arrival_run_for_it
D:2:      old_standard_altar, first_ration, minmay_fountain_box,
          lemuel_statue_altar, uniq_sigmund

Skill      XL: |  1  2  3 |
---------------+----------+-----
Stealth        | 3 |  3.3
Fighting       | 1 |  1.2
Dodging        | |  2.7
Unarmed Combat | |  0.6
Spellcasting   | |  2.4
Summonings     | |  4.4

Action                   || total
-------------------------++-------
Melee: Unarmed           ||    47
       Bite              ||     3
 Cast: Summon Small Mamm ||    19
       Call Imp          ||    11
       Call Canine Famil ||     3
  Use: Potion            ||     1
 Stab: Sleeping          ||     7
  Eat: Chunk             ||    10
Armor: Skin              ||     2
Dodge: Dodged            ||    29

Table legend:
 A = Spawn XP
 B = Non-spawn XP
 C = Spawn XP percentage of total XP
 D = Spawn monster count
 E = Non-spawn monster count
 F = Spawn count percentage of total count
 G = Total turns spent on level
                    A         B        C        D         E        F      G
               +---------+---------+-------+---------+---------+-------+---------
         Total |       0 |      68 |   0.0 |       0 |      27 |   0.0 |  1759
               +---------+---------+-------+---------+---------+-------+---------
           D:1 |       0 |      26 |   0.0 |       0 |      18 |   0.0 |  1268
           D:2 |       0 |      42 |   0.0 |       0 |       9 |   0.0 |   491
               +---------+---------+-------+---------+---------+-------+---------
